 Dungeon Crawl Stone Soup version 0.20-a0-940-g1ecfa5a (webtiles) character file.

154 Firecrotchwizard the Firebug (level 5, -4/38 HPs)
             Began as a Draconian Fire Elementalist on Mar 31, 2017.
             Was an Initiate of Vehumet.
             Killed from afar by an orc wizard (8 damage)
             ... with a magic dart
             ... on level 4 of the Dungeon.
             The game lasted 00:07:08 (2930 turns).

Firecrotchwizard the Firebug (DrFE)                 Turns: 2930, Time: 00:07:09

Health: -4/38      AC:  6    Str: 11    XL:     5   Next: 13%
Magic:  1/9        EV: 12    Int: 16    God:    Vehumet [......]
Gold:   96         SH:  0    Dex: 11    Spells: 6/10 levels left

rFire    + . .     SeeInvis .   r - +2 falchion (slice)
rCold    . . .     Gourm    .   (no shield)
rNeg     . . .     Faith    .   (armour unavailable)
rPois    .         Spirit   .   (helmet restricted)
rElec    .         Reflect  .   (no cloak)
rCorr    .         Harm     .   (no gloves)
MR       .....                  q - +0 pair of boots
Stlth    ++........             (no amulet)
Regen    0.2/turn               e - ring of protection from fire
MPRegen  0.2/turn               n - ring of wizardry

@: slowed, very slow
A: unfitting armour, cold-blooded, AC +5
a: Renounce Religion


You were on level 4 of the Dungeon.
You worshipped Vehumet.
Vehumet was noncommittal.
You were not hungry.

You visited 1 branch of the dungeon, and saw 4 of its levels.

You collected 96 gold pieces.

Inventory:

Hand Weapons
 f - a +0 club
 r - a +2 falchion of slicing (weapon)
Armour
 q - a +0 pair of boots (worn)
Jewellery
 e - a ring of protection from fire (left hand)
 n - a ring of wizardry (right hand)
Wands
 p - a wand of acid (4/15)
 s - a wand of disintegration (10/24)
Scrolls
 c - 5 scrolls of identify {unknown}
 h - a scroll of teleportation {unknown}
 m - a scroll of blinking {unknown}
 t - 4 scrolls of remove curse
Potions
 d - 2 potions of mutation {unknown}
 g - a potion of cancellation {unknown}
 l - a potion of degeneration {unknown}
 o - a potion of heal wounds {unknown}
 u - a potion of haste {unknown}
 v - a potion of lignification {unknown}
Books
 a - a book of Flames

   Spells                             Type                      Level
   a - Flame Tongue                   Conjuration/Fire             1
   b - Throw Flame                    Conjuration/Fire             2
   c - Conjure Flame                  Conjuration/Fire             3
   d - Inner Flame                    Hexes/Fire                   3
   e - Sticky Flame                   Conjuration/Fire             4
   f - Fireball                       Conjuration/Fire             5
Comestibles
 b - 2 bread rations
 i - 2 royal jellies
 j - 2 fruits
 k - 2 chunks of flesh


   Skills:
 - Level 1.7 Dodging
 - Level 1.7 Stealth
 + Level 3.2 Spellcasting
 * Level 3.6 Conjurations
 + Level 3.6 Fire Magic


You had 6 spell levels left.
You knew the following spells:

 Your Spells              Type           Power        Failure   Level  Hunger
a - Flame Tongue          Conj/Fire      ##...        2%          1    None
b - Conjure Flame         Conj/Fire      ##......     6%          3    ###....


Dungeon Overview and Level Annotations

Branches:
Dungeon (4/15)
 Temple: D:4-7

Altars:
Gozag
Nemelex Xobeh
Vehumet
Yredelemnul


Innate Abilities, Weirdness & Mutations

Your plain brown scales are hard. (AC +5)
You cannot fit into any form of body armour.
You are cold-blooded and may be slowed by cold attacks.


Message History

The flame tongue misses the orc wizard.
The flame tongue hits the orc.
The orc appears unharmed.
The orc wizard hits you but does no damage.
The orc wizard hits you with a dagger.
* * * LOW HITPOINT WARNING * * *
The orc wizard barely misses you.
You barely miss the orc wizard.
The orc wizard is moderately wounded.
The orc wizard gestures at you while chanting.
The magic dart hits you!
* * * LOW HITPOINT WARNING * * *
The orc wizard hits you but does no damage.
You hit the orc wizard but do no damage.
The orc wizard is moderately wounded.
The orc wizard completely misses you. x2; The orc wizard closely misses you.
You hit the orc wizard.
The orc wizard is severely wounded.
The orc wizard casts a spell at you. The magic dart hits you!
You die...

...........#
...........#
.$.......#
#####......# ..
.......?...#...
...............
......#o..#....
......#o#.# ...
..... #@#.# .
..... ###.#
.... # ....


You could see an orc wizard and an orc.

Vanquished Creatures
  A hound (D:4)
  An orc wizard (D:4)
  An iguana (D:3)
  2 worms (D:2)
  A dart slug (D:3)
  A leopard gecko (D:1)
  3 orcs
  2 ball pythons
  2 giant cockroaches
  8 goblins
  A hobgoblin (D:2)
  4 jackals (D:1)
  10 kobolds
  2 quokkas
  11 bats
  4 frilled lizards
  5 rats
59 creatures vanquished.

Notes
Turn   | Place    | Note
-------+----------+-------------------------------------------
     0 | D:1      | Firecrotchwizard the Draconian Fire Elementalist began the quest for the Orb.
     0 | D:1      | Reached XP level 1. HP: 14/14 MP: 3/3
   623 | D:1      | Reached XP level 2. HP: 20/20 MP: 3/5
  1482 | D:2      | Reached XP level 3. HP: 18/26 MP: 5/7
  1589 | D:2      | Learned a level 3 spell: Conjure Flame
  2436 | D:3      | Reached XP level 4. HP: 33/33 MP: 1/8
  2609 | D:3      | Found a radiant altar of Vehumet.
  2618 | D:3      | Became a worshipper of Vehumet
  2653 | D:3      | Found a sparkling altar of Nemelex Xobeh.
  2655 | D:3      | Found a basalt altar of Yredelemnul.
  2795 | D:3      | Found an opulent altar of Gozag.
  2923 | D:4      | Reached XP level 5. HP: 24/38 MP: 1/9
  2930 | D:4      | Killed from afar by an orc wizard

Vault maps used:
D:1:      elethiomel_arrival_maze, serial_forest,
          infiniplex_forest_clump_curved, infiniplex_forest_lined_2,
          infiniplex_forest_corner_1, infiniplex_forest_zigzag_2,
          infiniplex_forest_clump_tiny
D:3:      old_standard_altar, vehumet_crystals, minitemple, first_bread,
          minmay_checkerbox
D:4:      minmay_temple_entry_trees

Skill      XL: |  1  2  3  4 |
---------------+-------------+-----
Conjurations   | 2 3 |  3.6
Spellcasting   | 3 |  3.2
Dodging        | |  1.7
Stealth        | |  1.7
Fire Magic     | |  3.6

Action                   |  1- 3 |  4- 6 || total
-------------------------+-------+-------++-------
Melee: Unarmed           |    11 |       ||    11
       Club              |    67 |       ||    67
       Tailslap          |     4 |     4 ||     8
       Falchion          |       |    33 ||    33
 Cast: Flame Tongue      |    57 |    14 ||    71
  Use: Scroll            |     1 |       ||     1
  Eat: Chunk             |     5 |     2 ||     7
Armor: Skin              |    54 |    23 ||    77
Dodge: Dodged            |    98 |    41 ||   139
       Rpst.: Falchion   |       |    14 ||    14
